 Dungeon Crawl Stone Soup version 0.29.1-15-g9cfb28693d (webtiles) character file.

Game seed: 11977352961867549948

887 croobank the Firebug (level 7, -10/47 HPs)
             Began as a Demonspawn Fire Elementalist on Mar 21, 2023.
             Mangled by Duvessa
             ... wielding a +0 rapier
              (18 damage)
             ... on level 5 of the Dungeon.
             The game lasted 00:09:32 (4755 turns).

croobank the Firebug (Demonspawn Fire Elementalist) Turns: 4755, Time: 00:09:32

Health: -10/47     AC:  3    Str:  8    XL:     7   Next: 77%
Magic:  8/13       EV: 13    Int: 19    God:
Gold:   199        SH:  0    Dex: 13    Spells: 7/14 levels left

rFire   . . .      SeeInvis .   b - +5 morningstar (venom)
rCold   . . .      Faith    .   (no shield)
rNeg    . . .      Spirit   .   a - +0 robe
rPois   .          Reflect  .   (helmet restricted)
rElec   .          Harm     .   (no cloak)
rCorr   .          Rampage  .   g - +0 pair of gloves
Will    .....                   (no boots)
Stlth   +++.......              (no amulet)
HPRegen 0.15/turn               (no ring)
MPRegen 0.13/turn               (no ring)

@: mighty
A: horns 2, powered by pain 2, demonic magic 2
a: no special abilities


You were on level 5 of the Dungeon.
You visited 1 branch of the dungeon, and saw 5 of its levels.

You collected 199 gold pieces.

Inventory:

Hand Weapons
 b - a +5 morningstar of venom (weapon)
 d - a +0 dagger
 f - a +0 spear
 j - a +0 short sword
 n - a +0 trident
 v - a +0 short sword of draining
 D - a +0 arbalest
Missiles
 w - 3 poisoned darts
 F - 5 silver boomerangs
 H - 3 javelins
Armour
 a - a +0 robe (worn)
 g - a +0 pair of gloves (worn)
 u - a +0 ring mail
 B - a +0 tower shield
Magical Staves
 E - a staff of death
Jewellery
 e - a ring of ice
 G - the amulet of Qiriakh {Harm Rampage rF+ Regen+ Int-4}
   (You found it on level 4 of the Dungeon)

   [amulet of regeneration]

   Int:       It affects your intelligence (-4).
   rF:        It protects you from fire.
   Regen:     It increases your rate of health regeneration.
   Harm:      It increases damage dealt and taken.
   Rampage:   It bestows one free step when moving towards enemies.
Wands
 y - a wand of quicksilver (6)
 I - a wand of flame (23)
Scrolls
 i - a scroll of teleportation
 k - a scroll of amnesia
 o - a scroll of magic mapping
Potions
 c - 2 potions of heal wounds
 m - 2 potions of might {unknown}
 q - a potion of berserk rage {unknown}
 r - 2 potions of curing {unknown}
 s - 2 potions of brilliance {unknown}
 t - 2 potions of haste {unknown}
 z - a potion of cancellation {unknown}
 A - a potion of attraction {unknown}


   Skills:
 * Level 0.3 Fighting
 * Level 0.2 Maces & Flails
 + Level 3.9 Dodging
 + Level 4.2 Stealth
 + Level 0.1 Shields
 + Level 4.0 Spellcasting
 + Level 3.9 Conjurations
 + Level 4.4 Fire Magic


You had 7 spell levels left.
You knew the following spells:

 Your Spells              Type           Power      Damage    Failure   Level
a - Foxfire               Conj/Fire      76%        2x1d7     2%          1
b - Scorch                Fire           40%        2d7       3%          2
c - Flame Wave            Conj/Fire      19%        2d7       24%         4

Your spell library contained the following spells:

 Spells                   Type           Power      Damage    Failure   Level
 Conjure Flame            Conj/Fire      19%        6-21      8%          3
 Summon Small Mammal      Summ           12%        N/A       14%         1
 Inner Flame              Hex/Fire       12%        N/A       17%         3
 Call Canine Familiar     Summ           3%         N/A       38%         3
 Summon Guardian Golem    Hex/Summ       3%         N/A       38%         3
 Animate Dead             Necr           3%         N/A       80%         4
 Haunt                    Necr/Summ      1%         N/A       100%        7
 Orb of Destruction       Conj           9%         9d6       100%        7
 Spellforged Servitor     Conj/Summ      5%         N/A       100%        7
 Infestation              Necr           1%         N/A       100%        8


Dungeon Overview and Level Annotations

Branches:
Dungeon (5/15)
 Temple: D:4-7

Altars:
Ru

Shops:
D:2 (

Annotations:
D:5 Duvessa


Innate Abilities, Weirdness & Mutations

You have a pair of horns on your head.
You sometimes gain power by taking damage.
Spells you cast may paralyse nearby enemies.


Message History

Duvessa, Sister of Dowan comes into view.
She is wielding a +0 rapier and wearing a +0 leather armour of cold resistance.
Duvessa shouts!
An iguana comes into view.
Casting: Scorch (safe; 3% risk of failure)
Confirm with . or Enter, or press ? or * to list all spells.
Flames lash Dowan.
Dowan is moderately wounded.
Dowan's fire resistance burns away.
Malevolent energies surge around you.
An adder comes into view.
Casting: Scorch (safe; 3% risk of failure)
Confirm with . or Enter, or press ? or * to list all spells.
Flames lash Duvessa but do no damage.
Malevolent energies surge around you.
You sock Dowan!
Dowan looks as sick as possible!
Dowan is almost dead.
You kill Dowan!
Duvessa screams in rage.
Duvessa goes berserk!
Duvessa hits you with a +0 rapier!
You focus on the pain.
You feel mightier all of a sudden.
You puncture Duvessa!
Duvessa looks as sick as possible!
Duvessa is lightly wounded.
Duvessa hits you with a +0 rapier! Duvessa closely misses you.
Casting: Scorch (safe; 3% risk of failure)
Confirm with . or Enter, or press ? or * to list all spells.
Flames lash the iguana.
The iguana is lightly wounded.
The iguana's fire resistance burns away.
Malevolent energies surge around you.
Duvessa suddenly stops moving!
The iguana suddenly stops moving!
The helpless Duvessa fails to defend herself.
You puncture Duvessa!
Duvessa is heavily wounded.
The helpless Duvessa fails to defend herself.
You puncture Duvessa!
Duvessa looks as sick as possible!
Duvessa is severely wounded.
Duvessa is no longer paralysed.
The iguana is no longer more vulnerable to fire.
Duvessa hits you with a +0 rapier!
* * * LOW HITPOINT WARNING * * *
Duvessa barely misses you. Duvessa hits you with a +0 rapier!!
You die...

.# .## ..##
... S. l#
#####e#
#...@.#####
#.#.....!...
#.########
#<# #.# ..#
...# ....#
...#.#


You could see Duvessa (berserk, extremely poisoned), an iguana (paralysed) and
an adder.

Vanquished Creatures
  A sky beast (D:4)
  An ice beast (D:4)
  2 ogres
  A phantom (D:4)
  A gnoll sergeant (D:4)
  A necrophage (D:4)
  A bullfrog (D:4)
  Dowan (D:5)
  A howler monkey (D:4)
  An orc priest (D:3)
  Natasha (twice) (D:4)
  3 adders
  A worm (D:3)
  5 dart slugs
  5 orcs
  4 ball pythons
  5 endoplasms
  6 giant cockroaches
  6 hobgoblins
  A jackal (D:4)
  8 kobolds
  2 quokkas (D:1)
  5 bats
  2 frilled lizards
  5 goblins
  5 rats
76 creatures vanquished.

Vanquished Creatures (collateral kills)
  2 foxfires (D:4)
2 creatures vanquished.

Vanquished Creatures (others)
  104 foxfires
  5 fungi (D:4)
109 creatures vanquished.

Grand Total: 187 creatures vanquished

Notes
Turn   | Place    | Note
-------+----------+-------------------------------------------
     0 | D:1      | croobank the Demonspawn Fire Elementalist began the quest
                  | for the Orb.
     0 | D:1      | Reached XP level 1. HP: 13/13 MP: 3/3
   314 | D:1      | Gained mutation: Spells you cast may paralyse adjacent
                  | enemies. [demonic ancestry]
   314 | D:1      | Reached XP level 2. HP: 19/19 MP: 3/5
   516 | D:1      | Learned a level 2 spell: Scorch
   884 | D:1      | Found a faded altar of an unknown god.
  1303 | D:2      | Gained mutation: You have a pair of small horns on your
                  | head. [demonic ancestry]
  1303 | D:2      | Reached XP level 3. HP: 24/24 MP: 0/6
  1522 | D:2      | Found Oczer's Weapon Emporium.
  1880 | D:3      | Noticed an ogre
  1884 | D:3      | Killed an ogre
  1885 | D:3      | Gained mutation: You sometimes gain a little power by
                  | taking damage. [demonic ancestry]
  1885 | D:3      | Reached XP level 4. HP: 30/30 MP: 2/8
  2262 | D:3      | Gained mutation: Spells you cast may paralyse nearby
                  | enemies. [demonic ancestry]
  2262 | D:3      | Reached XP level 5. HP: 35/35 MP: 4/9
  2562 | D:3      | Found a sacrificial altar of Ru.
  3208 | D:4      | Noticed Natasha
  3212 | D:4      | Killed Natasha
  3375 | D:4      | Identified the +9 flail "Jesoutea" {spect, Str+5}
  3393 | D:4      | Noticed Natasha
  3395 | D:4      | Killed Natasha
  3537 | D:4      | Found a large runed translucent door.
  3537 | D:4      | Found a large runed translucent door.
  3540 | D:4      | Noticed a sky beast
  3553 | D:4      | Gained mutation: You have a pair of horns on your head.
                  | [demonic ancestry]
  3553 | D:4      | Reached XP level 6. HP: 25/41 MP: 7/10
  3557 | D:4      | Killed a sky beast
  3559 | D:4      | Found a large runed translucent door.
  3559 | D:4      | Found a large runed translucent door.
  3770 | D:4      | Identified the amulet of Qiriakh {Harm Rampage rF+ Regen+
                  | Int-4}
  3927 | D:4      | Gained mutation: You sometimes gain power by taking damage.
                  | [demonic ancestry]
  3927 | D:4      | Reached XP level 7. HP: 38/46 MP: 7/12
  4513 | D:4      | Learned a level 4 spell: Flame Wave
  4744 | D:5      | Entered Level 5 of the Dungeon
  4744 | D:5      | Noticed Dowan
  4748 | D:5      | Noticed Duvessa
  4751 | D:5      | Killed Dowan
  4755 | D:5      | Mangled by Duvessa

Illustrated notes

Levels and vault maps discovered:
D:1:      minmay_arrival_five_plusses, layout_loops_ring,
          shapermc_ecumenical_altar_mp_vishouse
D:2:      layout_loops_ring, serial_shops, nicolae_shop_bloodbath_and_beyond,
          serial_bayou_pond_e
D:3:      layout_loops_ring, nicolae_ru_awakened_eye, chequers_avenue,
          hangedman_abyss_or_decor_lesser_grid, minmay_misc_feat_pillars
D:4:      minmay_chambers_of_fours, layout_basic, dreamdust_mushroom_princess,
          minmay_hollow_rounded_squares, uniq_natasha
D:5:      layout_loops_ring, minmay_temple_entry_grid,
          nicolae_concentric_dashed_squares_mild, uniq_edmund, uniq_duvessa

Skill      XL: |  1  2  3  4  5  6  7 |
---------------+----------------------+-----
Stealth        | 2 3 4 |  4.2
Dodging        | 2 3 |  3.9
Fire Magic     | 3 4 |  4.4
Conjurations   | 2 3 |  3.9
Spellcasting   | 3 4 |  4.0
Fighting       | |  0.3
Maces & Flails | |  0.2
Shields        | |  0.1

Action                   |  1- 3 |  4- 6 |  7- 9 || total
-------------------------+-------+-------+-------++-------
Melee: Dagger            |     9 |     2 |       ||    11
       Headbutt          |     1 |     8 |       ||     9
       Short sword       |       |    25 |     4 ||    29
       Morningstar       |       |       |     4 ||     4
 Cast: Foxfire           |    38 |    19 |     4 ||    61
       Scorch            |    12 |    33 |    14 ||    59
  Use: Potion            |       |     1 |       ||     1
       Scroll            |       |       |     8 ||     8
 Stab: Sleeping          |     2 |     4 |     1 ||     7
       Paralysed         |     3 |     6 |     5 ||    14
Armor: Robe              |     2 |     2 |       ||     4
Dodge: Dodged            |    11 |    10 |     4 ||    25
